 Dungeon Crawl Stone Soup version 0.17.3-4-g93a25c67f4 (webtiles) character file.

211 Crauler the Shield-Bearer (level 5, -4/49 HPs)
             Began as a Deep Dwarf Fighter on July 9, 2023.
             Slain by an ogre
             ... wielding a +0 giant club
              (21 damage)
             ... on level 4 of the Dungeon.
             The game lasted 00:12:54 (2594 turns).

Crauler the Shield-Bearer (Deep Dwarf Fighter)      Turns: 2594, Time: 00:12:54

Health: -4/49      AC:  7    Str: 19    XL:     5   Next: 57%
Magic:  5/5        EV:  7    Int:  9    God:
Gold:   178        SH:  9    Dex: 13    Spells: 0 memorised, 4 levels left

rFire  . . .     SeeInvis .     a - +0 war axe
rCold  . . .     Clarity  +     b - +0 scale mail
rNeg   . . .     SustAt   .     c - +0 shield
rPois  .         Gourm    .     (no helmet)
rElec  .         Spirit   .     (no cloak)
rCorr  .         Warding  .     (no gloves)
rMut   .         Stasis   .     (no boots)
MR     .....                    m - amulet of clarity
Stlth  ..........               (no ring)
                                (no ring)

@: non-regenerating, not resistant to hostile enchantments, extremely unstealthy
A: damage resistance, recharge devices, sense surroundings 1, slow regeneration
3
a: Device Recharging


You were on level 4 of the Dungeon.
You were not hungry.

You visited 1 branch of the dungeon, and saw 4 of its levels.

You collected 178 gold pieces.

Inventory:

Hand Weapons
 a - a +0 war axe (weapon)
 x - a +1 dagger of venom
Missiles
 i - 15 poisoned needles
Armour
 b - a +0 scale mail (worn)
 c - a +0 shield (worn)
 h - a +0 ring mail
 k - a +0 chain mail
Jewellery
 m - an amulet of clarity (around neck)
 r - an uncursed ring of ice
Wands
 e - a wand of heal wounds (3)
 v - a wand of slowing (13)
Scrolls
 p - a scroll of blinking {unknown}
 q - a scroll of amnesia {unknown}
 t - 2 scrolls of fog {unknown}
 y - a scroll of remove curse {unknown}
 B - a scroll of immolation {unknown}
 C - 2 scrolls of recharging
 E - 2 scrolls of enchant armour
Potions
 d - a potion of might
 j - a potion of brilliance {unknown}
 o - 2 potions of heal wounds
 s - a potion of haste {unknown}
 w - a potion of beneficial mutation
 z - a potion of mutation {unknown}
 F - a potion of agility {unknown}
Books
 A - a book of Spatial Translocations

   Spells                             Type                      Level
   a - Apportation                    Translocation                1
   b - Blink                          Translocation                2
   c - Shroud of Golubria             Charms/Translocation         2
   d - Portal Projectile              Translocation                3
   e - Teleport Other                 Translocation                3
   f - Passage of Golubria            Translocation                4
Comestibles
 f - 4 bread rations
 g - a slice of pizza
 n - a beef jerky
 u - 4 meat rations
 D - a chunk of flesh


   Skills:
 + Level 3.4 Fighting
 * Level 4.1 Axes
 + Level 4.4 Armour
 + Level 4.4 Shields


You had 4 spell levels left.
You didn't know any spells.

Dungeon Overview and Level Annotations

Branches:
Dungeon (4/15)
 Temple: D:4-7

Altars:
Elyvilon
Yredelemnul


Innate Abilities, Weirdness & Mutations

You are resistant to damage.
You can recharge devices by infusing magical energy.
You passively map a small area around you.
You do not regenerate naturally.


Message History

You block the ogre's attack.
You slash the ogre!
The ogre is heavily wounded.
You barely miss the ogre.
The ogre is heavily wounded.
You block the ogre's attack.
You closely miss the ogre.
The ogre is heavily wounded.
You block the ogre's attack.
You hit the ogre but do no damage.
The ogre is heavily wounded.
You barely miss the ogre.
The ogre is heavily wounded.
The ogre hits you with a giant club!
Your scale mail prevents you from hitting the ogre.
The ogre is heavily wounded.
You hit the ogre.
The ogre is severely wounded.
The ogre hits you with a giant club!!
You die...

.........####.#
##............#
, #...#........#
...#.##.###.# ,
..#....###.#
,O#####..#.#####
.. #..#...... ,
* #. #........)
, #.####@#......
#....O.#......
######## .....
..... , ....
.... * , ,


You could see an ogre.

Vanquished Creatures
  Jessica (D:3)
  Natasha (thrice) (D:2)
  A hound skeleton (D:4)
  4 adders
  A gnoll (D:1)
  An ooze (D:4)
  2 worms
  3 giant geckos
  2 orcs
  9 bats
  3 giant cockroaches
  8 hobgoblins
  14 jackals
  3 giant newts
  2 gnoll zombies (D:2)
  9 goblins
  7 kobolds
  3 rats
76 creatures vanquished.

Notes
Turn   | Place    | Note
--------------------------------------------------------------
     0 | D:1      | Crauler the Deep Dwarf Fighter began the quest for the Orb.
     0 | D:1      | Reached XP level 1. HP: 20/20 MP: 1/1
   295 | D:1      | Reached XP level 2. HP: 27/27 MP: 2/2
   936 | D:2      | Reached XP level 3. HP: 28/33 MP: 3/3
  1067 | D:2      | Noticed Natasha
  1069 | D:2      | Found a white marble altar of Elyvilon.
  1076 | D:2      | Killed Natasha
  1076 | D:2      | Reached skill level 4 in Armour
  1076 | D:2      | Reached XP level 4. HP: 22/42 MP: 4/4
  1088 | D:2      | Noticed Natasha
  1096 | D:2      | Killed Natasha
  1117 | D:2      | Noticed Natasha
  1181 | D:2      | Killed Natasha
  1383 | D:2      | Found a basalt altar of Yredelemnul.
  1643 | D:3      | Noticed Jessica
  1664 | D:3      | Killed Jessica
  1664 | D:3      | Reached XP level 5. HP: 37/49 MP: 5/5
  2574 | D:4      | Noticed an ogre
  2594 | D:4      | Slain by an ogre

Action                   |  1- 3 |  4- 6 || total
-------------------------+-------+-------++-------
Melee: War axe           |    86 |   142 ||   228
Evoke: Wand              |       |     3 ||     3
  Use: Scroll            |       |     4 ||     4
  Eat: Chunk             |     1 |     5 ||     6
